 Dungeon Crawl Stone Soup version 0.20.1-1-g8b1a95d (webtiles) character file.

560 Jazqa the Skirmisher (level 7, 0/69 HPs)
             Began as a Naga Fighter on Oct 23, 2017.
             Slain by Menkaure (21 damage)
             ... on level 4 of the Dungeon.
             The game lasted 00:04:48 (4202 turns).

Jazqa the Skirmisher (Naga Fighter)                 Turns: 4202, Time: 00:04:48

Health: 0/69       AC:  5    Str: 18    XL:     7   Next: 31%
Magic:  7/7        EV:  5    Int:  9    God:
Gold:   167        SH:  8    Dex: 12    Spells: 6/6 levels left

rFire    . . .     SeeInvis +   a - +0 long sword
rCold    . . .     Gourm    .   c - +0 shield
rNeg     . . .     Faith    .   b - +0 scale mail
rPois    +         Spirit   .   (no helmet)
rElec    .         Reflect  .   (no cloak)
rCorr    .         Harm     .   (no gloves)
MR       .....                  (no barding)
Stlth    ..........             n - amulet of magic regeneration
Regen    0.3/turn               (no ring)
MPRegen  0.2/turn               (no ring)

@: drained, very slow
A: see invisible, deformed body, poison resistance, slowness 2, slow metabolism
1, spit poison 1, AC +2
a: Spit Poison


You were on level 4 of the Dungeon.
You were not hungry.

You visited 1 branch of the dungeon, and saw 4 of its levels.
You also visited: Ossuary.

You collected 167 gold pieces.

Inventory:

Hand Weapons
 a - a +0 long sword (weapon)
Armour
 b - a +0 scale mail (worn)
 c - a +0 shield (worn)
Jewellery
 n - an amulet of magic regeneration (around neck)
Scrolls
 d - a scroll of magic mapping {unknown}
 e - 6 scrolls of immolation {unknown}
 f - 5 scrolls of random uselessness {unknown}
 g - a scroll of recharging {unknown}
 h - 5 scrolls of remove curse {unknown}
 m - 4 scrolls of identify {unknown}
 q - 2 scrolls of noise {unknown}
Potions
 j - 4 potions of flight {unknown}
 k - 4 potions of curing {unknown}
 l - 3 potions of mutation {unknown}
 o - a potion of cancellation {unknown}
 p - 2 potions of brilliance {unknown}
 r - 4 potions of degeneration {unknown}
 t - a potion of magic {unknown}
Comestibles
 i - a royal jelly
 s - 2 chunks of flesh


   Skills:
 + Level 6.2(6.0) Fighting
 + Level 5.5(5.3) Long Blades
 - Level 2.4(2.2) Armour
 - Level 2.4(2.2) Shields


You had 6 spell levels left.
You didn't know any spells.

Dungeon Overview and Level Annotations

Branches:
Dungeon (4/15)
 Temple: D:4-7

Altars:

Annotations:
D:4 KingStallion's ghost, amateur GrFi; Menkaure


Innate Abilities, Weirdness & Mutations

You cannot wear boots.
Your serpentine skin is tough. (AC +2)
You have supernaturally acute eyesight. (SInv)
Armour fits poorly on your strangely shaped body.
Your system is resistant to poisons. (rPois)
You cover ground very slowly.
You have a slow metabolism.
You can spit poison.


Message History

Menkaure, Prince of Dust comes into view.
Menkaure shouts!
Menkaure is nearby!
Menkaure is nearby!
Menkaure blazes with dark energy!
Menkaure casts a spell at you. Pain shoots through your body!
You hit Menkaure but do no damage. Menkaure hits you.
You hit Menkaure.
Menkaure is moderately damaged.
Menkaure hits you!!
You slash Menkaure!
Menkaure is heavily damaged.
Menkaure calls on the powers of darkness!
Your body is wracked with pain!
* * * LOW HITPOINT WARNING * * *
You hit Menkaure.
Menkaure is severely damaged.
Menkaure hits you!!
You die...

## #.#
######M#
#....@#
#.##.##
#.#
#.###.#
#.# #
#.# #.#
#.# #
#.# #.#
#.# #
#.####
## #.# #
#...[#
#.# #
####.#
##.###
#.#
#...<.


You could see Menkaure.

Vanquished Creatures
  Edmund (D:3)
  An ogre (D:4)
  An orc priest (D:3)
  A human zombie (Ossuary)
  Terence (D:2)
  3 worker ants (D:4)
  3 big kobold zombies (Ossuary)
  4 mummies (Ossuary)
  2 adders
  A worm (D:3)
  A dart slug (D:2)
  5 orcs (D:3)
  4 giant cockroaches
  A gnoll zombie (Ossuary)
  9 goblins
  7 hobgoblins
  2 jackals (D:4)
  10 kobolds
  5 quokkas
  A ball python (D:2)
  6 bats
  5 frilled lizards
  2 goblin zombies (D:4)
  A hobgoblin zombie (Ossuary)
  A kobold zombie (Ossuary)
  An orc zombie (Ossuary)
  5 rats
84 creatures vanquished.

Vanquished Creatures (others)
  A goblin (D:1)
1 creature vanquished.

Grand Total: 85 creatures vanquished

Notes
Turn   | Place    | Note
-------+----------+-------------------------------------------
     0 | D:1      | Jazqa the Naga Fighter began the quest for the Orb.
     0 | D:1      | Reached XP level 1. HP: 21/21 MP: 1/1
    96 | D:1      | Reached XP level 2. HP: 24/28 MP: 2/2
   666 | D:2      | Reached XP level 3. HP: 29/34 MP: 3/3
   720 | D:2      | Noticed Terence
   736 | D:2      | Killed Terence
   736 | D:2      | Reached skill level 4 in Fighting
  1019 | D:2      | Reached XP level 4. HP: 44/44 MP: 4/4
  1818 | D:3      | HP: 2/44 [orc priest/hand axe (5)]
  2255 | D:3      | Reached XP level 5. HP: 42/51 MP: 5/5
  2888 | D:4      | Reached skill level 5 in Fighting
  2995 | D:4      | Noticed KingStallion's ghost (amateur GrFi)
  3006 | D:4      | Noticed Edmund
  3024 | D:3      | Killed Edmund
  3024 | D:3      | Reached XP level 6. HP: 20/61 MP: 6/6
  3246 | D:4      | Found a sand-covered staircase.
  3253 | Ossuary  | Entered an ossuary
  3354 | Ossuary  | Reached skill level 5 in Long Blades
  3888 | Ossuary  | Reached XP level 7. HP: 55/68 MP: 7/7
  3929 | D:4      | Reached skill level 6 in Fighting
  4197 | D:4      | Noticed Menkaure
  4202 | D:4      | Slain by Menkaure

Skill      XL: |  1  2  3  4  5  6  7 |
---------------+----------------------+-----
Fighting       | 4 5 6 |  6.2
Long Blades    | 3 4 5 |  5.5
Armour         | |  2.4
Shields        | |  2.4

Action                   |  1- 3 |  4- 6 |  7- 9 || total
-------------------------+-------+-------+-------++-------
Melee: Long sword        |   109 |   291 |    48 ||   448
  Use: Potion            |       |     3 |     1 ||     4
  Eat: Chunk             |       |     5 |       ||     5
       Bread ration      |       |     1 |       ||     1
Armor: Scale mail        |    51 |   103 |    26 ||   180
Dodge: Dodged            |    25 |    62 |    11 ||    98
Block: Shield            |    54 |   108 |    17 ||   179
       Rpst.: Long sword |    12 |    27 |     7 ||    46
